cohdb
Replays
Latest Replays
All Replays
Popular Replays
Top Player Replays
Match Explorer
How It Works
Community
CoH3 Stats
Reddit
Sign in to upload your games and track your stats! →
Sign in with Steam
Match 27735904
Unlisted
Match 27735904
Overview
Messages
Build Orders
End
Kettenkrad Recon Vehicle
Construct Infanterie Kompanie
Grenadier Squad
MG 42 Machine Gun Team
Kettenkrad Recon Vehicle
Construct Panzergrenadier Kompanie
Panzergrenadier Squad
Selects Breakthrough Battlegroup
Selects Assault Grenadiers
Pak 40 Anti-tank Gun Team
251 Medium Carrier
Panzergrenadier Squad
Pak 40 Anti-tank Gun Team
Pak 40 Anti-tank Gun Team
Construct Panzer Kompanie
Selects Rapid Production
Stoßtruppen Squad
Panzer IV Medium Tank
Pioneer Squad
Selects Blitzkrieg
Selects Tiger Heavy Tank
Selects Tiger Heavy Tank
Pak 40 Anti-tank Gun Team
Tiger Heavy Tank
[TGR] ImperialGuard
ashilrye
InSaNiedi
aSIISymbiosis
0
0
Comments
sign in to comment!
No comments posted yet!